 Dungeon Crawl Stone Soup version 0.27-a0-1105-g946c659c87 (webtiles) character file.

Game seed: 11563359611555280623

8 kae the Skirmisher (level 2, 23/24 HPs)
             Began as a Demonspawn Abyssal Knight on Apr 29, 2021.
             Was a Follower of Lugonu.
             Quit the game on level 1 of the Dungeon.
             The game lasted 00:00:35 (704 turns).

kae the Skirmisher (Demonspawn Abyssal Knight)       Turns: 704, Time: 00:00:35

Health: 23/24      AC:  3    Str: 12      XL:     2   Next: 0%
Magic:  4/4        EV: 11    Int: 12 (13) God:    Lugonu [*.....]
Gold:   39         SH:  0    Dex: 11 (12) Spells: 1/1 levels left

rFire    . . .     SeeInvis .   a - +1 falchion
rCold    . . .     Faith    .   (no shield)
rNeg     . . .     Spirit   .   b - +0 leather armour
rPois    .         Reflect  .   (helmet restricted)
rElec    .         Harm     .   (no cloak)
rCorr    .         Rampage  .   (no gloves)
Will     .....                  (no boots)
Stlth    +.........             (no amulet)
HPRegen  0.08/turn              (no ring)
MPRegen  0.09/turn              (no ring)

@: no status effects
A: antennae 1, [deterioration 2], [inability to read while threatened]
a: Renounce Religion, Depart the Abyss


You were on level 1 of the Dungeon.
You worshipped Lugonu.
Lugonu was aware of your devotion.
You visited 1 branch of the dungeon, and saw 1 of its levels.
You visited the Abyss 1 time.

You collected 39 gold pieces.

Inventory:

Hand Weapons
 a - a +1 falchion (weapon)
Armour
 b - a +0 leather armour (worn)
Jewellery
 c - a +4 ring of protection
 j - an amulet of the acrobat
Wands
 d - a wand of flame (19)
Scrolls
 e - a scroll of noise {unknown}
 f - a scroll of summoning {unknown}
 g - a scroll of vulnerability {unknown}
 i - a scroll of teleportation {unknown}
Potions
 h - 2 potions of curing {unknown}


   Skills:
 + Level 3.1 Fighting
 * Level 2.1 Long Blades
 + Level 1.9 Armour
 - Level 0.8 Dodging
 + Level 2.6 Invocations


You had one spell level left.
You didn't know any spells.
Your spell library was empty.

Dungeon Overview and Level Annotations

Branches:
Dungeon (1/15)

Altars:


Innate Abilities, Weirdness & Mutations

You have a pair of small antennae on your head.
[Your body often deteriorates upon taking damage.]
[You sometimes lose the ability to read scrolls when taking damage.]


Message History

You miss the bat. The bat hits you but does no damage.
A bat is nearby!
The bat completely misses you.
You hit the bat.
You kill the bat!
Lugonu accepts your kill.
A ball python comes into view.
A ball python is nearby!
The ball python hisses angrily.
Found a viscous dark potion.
A ball python is nearby!
The ball python closely misses you. The ball python grabs you.
The ball python constricts you.
You slash the ball python!
You kill the ball python!
Lugonu accepts your kill.
You have reached level 2!
Your demonic ancestry asserts itself...
A pair of antennae grows on your head!
h - a viscous dark potion
There is a faded altar of an unknown god here.
i - a scroll labelled ZEIQUTZUEH
j - an amulet of the acrobat
h - 2 viscous dark potions (gained 1)
You open the door.
There is an open door here.
Found a stone staircase leading down.
You now have 39 gold pieces (gained 9).
A giant cockroach comes into view.
A giant cockroach is nearby!
The giant cockroach closely misses you.
The giant cockroach bites you but does no damage.
You barely miss the giant cockroach. The giant cockroach misses you.
A giant cockroach is nearby!
You barely miss the giant cockroach.
The giant cockroach completely misses you.
You closely miss the giant cockroach. The giant cockroach bites you.
The giant cockroach bites you but does no damage.
A giant cockroach is nearby!
Are you sure you want to abandon this character and quit the game? (Confirm with "yes".)

##..........###.#.#
###.........#.....#.. .
....#####'###.####### ..
.................#.. #
#.##.#####.....###.#.#
.. .............# # #.
#.##.#.........###.#.#
#.#...>.................
#.....B@....######......
#...........# ......
#...........# ##.##
#.#####..#### # # # #..#
# #..# #........ #..#
#.....[.. .... #........
#........


You could see a giant cockroach.

Vanquished Creatures
  An endoplasm (D:1)
  A giant cockroach (D:1)
  A goblin (D:1)
  A kobold (D:1)
  2 ball pythons (D:1)
  A bat (D:1)
  A rat (D:1)
8 creatures vanquished.

Notes
Turn   | Place    | Note
-------+----------+-------------------------------------------
     0 | Abyss:1  | kae the Demonspawn Abyssal Knight began the quest for the
                  | Orb.
     0 | Abyss:1  | Reached XP level 1. HP: 18/18 MP: 2/2
    41 | Abyss:1  | Noticed a chaos spawn
    42 | Abyss:1  | Noticed an iron imp
    47 | Abyss:1  | Noticed a large abomination
    53 | Abyss:1  | Noticed a large abomination
    58 | Abyss:2  | Found a corrupted altar of Lugonu.
   101 | Abyss:2  | Noticed a thrashing horror
   102 | Abyss:2  | Noticed a wretched star
   108 | Abyss:2  | Noticed a large abomination
   111 | D:1      | Escaped the Abyss
   506 | D:1      | Found a faded altar of an unknown god.
   542 | D:1      | Gained mutation: You have a pair of small antennae on your
                  | head. [demonic ancestry]
   542 | D:1      | Reached XP level 2. HP: 23/24 MP: 4/4
   704 | D:1      | Quit the game

Illustrated notes

Levels and vault maps discovered:
D:1:      saegor_arrival_simple_a, layout_basic,
          chequers_ecumenical_altar_simple, minmay_misc_feat_cross,
          minmay_close_crescents

Skill      XL: |  1 |
---------------+----+-----
Long Blades    | 2 |  2.1
Fighting       | |  3.1
Armour         | |  1.9
Dodging        | |  0.8
Invocations    | |  2.6

Action                   || total
-------------------------++-------
Melee: Falchion          ||    28
Armor: Leather armour    ||     8
Dodge: Dodged            ||    16
       Rpst.: Falchion   ||     3

Table legend: (Time is in decaauts)
 A = Elapsed time spent in this place.
 B = Non-inter-level travel time spent in this place.
 C = Inter-level travel time spent in this place.
 D = Time resting spent in this place.
 E = Time spent auto-exploring this place.
 F = Levels seen in this place.
 G = Mean time per level.
                   A        B        C        D        E       F      G
               +--------+--------+--------+--------+--------+-----+--------+
         Total |    709 |    709 |      0 |      0 |    593 |   3 |  236.3 |
       Dungeon |    598 |    598 |      0 |      0 |    520 |   1 |  598.0 |
         Abyss |    110 |    110 |      0 |      0 |     73 |   2 |   55.0 |
               +--------+--------+--------+--------+--------+-----+--------+

Top non-repeatable levels by time:
     D:1: 598 daAuts
 Abyss:1: 58 daAuts
 Abyss:2: 52 daAuts
